 Dungeon Crawl Stone Soup version 0.29-a0-330-g52719c12eb (webtiles) character file.

Game seed: 8489541226990853566

1908 Anon1729 the Carver (level 9, -9/69 HPs)
             Began as a Merfolk Monk on May 28, 2022.
             Was a Follower of Uskayaw.
             Splashed by a jelly's acid (10 damage)
             ... on level 6 of the Dungeon.
             The game lasted 00:09:38 (8849 turns).

Anon1729 the Carver (Merfolk Monk)                  Turns: 8849, Time: 00:09:39

Health: -9/69      AC: -10   Str: 11    XL:     9   Next: 16%
Magic:  13/13      EV: 17    Int:  9    God:    Uskayaw [*.....]
Gold:   295        SH:  0    Dex: 21    Spells: 8/8 levels left

rFire   + . .      SeeInvis .   f - +0 long sword
rCold   . . .      Faith    .   (no shield)
rNeg    . . .      Spirit   .   b - +0 robe
rPois   .          Reflect  .   (no helmet)
rElec   .          Harm     .   (no cloak)
rCorr   .          Rampage  .   (no gloves)
Will    +....                   (no boots)
Stlth   +++.......              l - amulet of magic regeneration
HPRegen 0.21/turn               n - ring of willpower
MPRegen 0.53/turn               g - ring of protection from fire

@: corroded
A: (nimble swimmer 2), mertail
a: Renounce Religion, Stomp


You were on level 6 of the Dungeon.
You worshipped Uskayaw.
Uskayaw was noncommittal.
You visited 2 branches of the dungeon, and saw 7 of its levels.

You collected 295 gold pieces.

Inventory:

Hand Weapons
 a - a +1 falchion
 f - a +0 long sword (weapon)
Missiles
 j - 13 poisoned darts (quivered)
Armour
 b - a +0 robe (worn)
Magical Staves
 e - a staff of air
Jewellery
 g - a ring of protection from fire (right hand)
 l - an amulet of magic regeneration (around neck)
 n - a ring of willpower (left hand)
Wands
 k - a wand of digging (5)
Scrolls
 c - a scroll of holy word {unknown}
 d - 2 scrolls of enchant weapon
 h - a scroll of vulnerability {unknown}
 i - 3 scrolls of enchant armour {unknown}
 m - 2 scrolls of identify {unknown}
 o - a scroll of magic mapping {unknown}
 p - a scroll of fog {unknown}


   Skills:
 + Level 6.0 Fighting
 * Level 8.2 Long Blades
 + Level 7.2 Dodging
 + Level 5.7 Stealth
 * Level 6.2 Invocations


You had 8 spell levels left.
You didn't know any spells.
Your spell library contained the following spells:

 Spells                   Type           Power      Damage    Failure   Level
 Foxfire                  Conj/Fire      0%         2x1d4     38%         1
 Freeze                   Ice            0%         1d3       38%         1
 Sandblast                Erth           0%         2d4       38%         1
 Ensorcelled Hibernation  Hex/Ice        0%         N/A       52%         2
 Passwall                 Tmut/Erth      0%         N/A       52%         2
 Sublimation of Blood     Necr           0%         N/A       52%         2
 Conjure Flame            Conj/Fire      0%         6-21      77%         3
 Frozen Ramparts          Ice            0%         1d2       77%         3
 Inner Flame              Hex/Fire       0%         N/A       77%         3
 Spider Form              Tmut/Pois      0%         N/A       77%         3
 Stone Arrow              Conj/Erth      0%         3d7       77%         3
 Anguish                  Hex/Necr       0%         N/A       99%         4
 Flame Wave               Conj/Fire      0%         2d4       99%         4
 Hailstorm                Conj/Ice       0%         3d3       99%         4
 Petrify                  Tmut/Erth      0%         N/A       99%         4
 Irradiate                Conj/Tmut      0%         3d13      100%        5


Dungeon Overview and Level Annotations

Branches:
Dungeon (6/15)             Temple (1/1) D:5

Altars:
Cheibriados
Dithmenos
Elyvilon
Fedhas
Gozag
Hepliaklqana
Kikubaaqudgha
Makhleb
Nemelex Xobeh
Okawaru
Qazlal
Ru
Sif Muna
Trog
Uskayaw
Vehumet
Wu Jian
Xom
Yredelemnul
Zin
The Shining One

Annotations:
D:2 1 runed translucent door, Crazy Yiuf
D:5 Edmund


Innate Abilities, Weirdness & Mutations

((You are very nimble when in or above water. (Stealth+, EV+, Speed+++)))
Your lower body shifts to a powerful aquatic tail in water.


Message History

You hit the jelly but do no damage. The acid corrodes you!
Your hands burn!
The jelly barely misses you.
You hit the jelly but do no damage.
Your hands burn!
The jelly barely misses you.
You hit the jelly. The acid corrodes you!
Your hands burn!
You punch the jelly.
The jelly is moderately wounded.
The jelly hits you.
You are splashed with acid!
You hit the jelly. The acid corrodes you!
Your hands burn!
The jelly is heavily wounded.
The jelly closely misses you.
You barely miss the jelly.
The jelly is heavily wounded.
The jelly misses you.
You hit the jelly.
Your hands burn!
The jelly is heavily wounded.
The jelly hits you.
You are splashed with acid!
You hit the jelly but do no damage.
Your hands burn!
The jelly is heavily wounded.
The jelly hits you.
You are splashed with acid!
You hit the jelly.
Your hands burn!
The jelly is heavily wounded.
The jelly hits you.
You are splashed with acid!
* * * LOW HITPOINT WARNING * * *
Okay, then.
You aren't carrying any potions.
You aren't carrying any potions.
A jelly is nearby!
Okay, then.
Unknown command.
You hit the jelly.
Your hands burn!
* * * LOW HITPOINT WARNING * * *
The jelly is severely wounded.
The jelly closely misses you.
You hit the jelly.
Your hands burn!
* * * LOW HITPOINT WARNING * * *
The jelly is almost dead.
The jelly hits you.
* * * LOW HITPOINT WARNING * * *
You are splashed with acid!
You die...

###.#....#
###.#..#######
#............#
.......#####.## #.#....#
#...##
#.#....###.###.#######.
# #........# #.........
#.##....#.. #..######..
......#..#.....#@J......
#.##....###..##.#####.#.
#.##.#.# ##.....
......## ##...##
#......## #.####
........###.#
####.###.#.# #.# ##<.#
#.# ##.#


You could see a jelly.

Vanquished Creatures
  Sigmund (D:2)
  A wyvern (D:4)
  Menkaure (D:5)
  A black bear (D:5)
  3 centaurs
  2 phantoms
  Blork the orc (D:4)
  A bullfrog (D:4)
  2 necrophages
  A scorpion (D:6)
  A killer bee (D:4)
  3 howler monkeys
  2 orc priests (D:5)
  2 hounds
  An iguana (D:3)
  Terence (D:3)
  4 orc wizards
  Ijyb (D:3)
  Natasha (thrice) (D:2)
  Robin (D:2)
  3 adders (D:4)
  An ufetubus (D:5)
  A worm (D:2)
  3 dart slugs
  12 orcs
  4 ball pythons
  2 bats
  9 endoplasms
  5 giant cockroaches
  14 goblins
  8 hobgoblins
  5 kobolds
  A quokka (D:4)
  8 frilled lizards
  3 rats
112 creatures vanquished.

Vanquished Creatures (others)
  An orc wizard (D:5)
  7 plants (D:5)
8 creatures vanquished.

Grand Total: 120 creatures vanquished

Notes
Turn   | Place    | Note
-------+----------+-------------------------------------------
     0 | D:1      | Anon1729 the Merfolk Monk began the quest for the Orb.
     0 | D:1      | Reached XP level 1. HP: 18/18 MP: 1/1
   188 | D:1      | Reached XP level 2. HP: 19/24 MP: 2/2
   720 | D:1      | Reached skill level 4 in Long Blades
  1012 | D:2      | Reached XP level 3. HP: 25/30 MP: 3/3
  1232 | D:2      | Noticed Sigmund
  1258 | D:2      | Killed Sigmund
  1259 | D:2      | Reached skill level 5 in Long Blades
  1259 | D:2      | Reached XP level 4. HP: 12/37 MP: 3/5
  1259 | D:2      | Reached XP level 5. HP: 14/42 MP: 3/6
  1487 | D:2      | Noticed Natasha
  1504 | D:2      | Killed Natasha
  1505 | D:2      | Reached skill level 5 in Dodging
  1783 | D:2      | Noticed Robin
  1813 | D:2      | Reached XP level 6. HP: 22/48 MP: 7/7
  1828 | D:2      | HP: 1/48 [goblin/+0 dagger[Robin] (2)]
  1835 | D:2      | Killed Robin
  2205 | D:2      | Noticed Natasha
  2222 | D:2      | Killed Natasha
  2514 | D:2      | Found a hide-covered altar of Uskayaw.
  2540 | D:2      | Noticed Natasha
  2548 | D:2      | Killed Natasha
  2573 | D:2      | Became a worshipper of Uskayaw the Reveller
  2573 | D:2      | Reached * piety under Uskayaw
  2866 | D:2      | Found a runed translucent door.
  2867 | D:2      | Noticed Crazy Yiuf
  3057 | D:3      | Reached ** piety under Uskayaw
  3476 | D:3      | Noticed Ijyb
  3479 | D:3      | Killed Ijyb
  3754 | D:3      | Noticed Terence
  3761 | D:3      | Killed Terence
  3762 | D:3      | Reached XP level 7. HP: 45/55 MP: 9/9
  4258 | D:4      | Noticed Eustachio
  4493 | D:4      | Noticed Eustachio
  4493 | D:4      | Eustachio changed into Eustachio the swamp drake
  4494 | D:4      | Noticed Eustachio
  4494 | D:4      | Eustachio the swamp drake changed into Eustachio the killer
                  | bee
  4503 | D:4      | Killed Eustachio the killer bee
  4529 | D:4      | Reached skill level 6 in Long Blades
  4688 | D:4      | Noticed a wyvern
  5267 | D:4      | Killed a wyvern
  5267 | D:4      | Reached *** piety under Uskayaw
  5296 | D:4      | Reached skill level 5 in Fighting
  5691 | D:4      | Reached XP level 8. HP: 48/62 MP: 11/11
  5773 | D:4      | Noticed Blork the orc
  5791 | D:4      | Killed Blork the orc
  6473 | D:5      | Entered Level 5 of the Dungeon
  6498 | D:5      | Noticed Menkaure
  6666 | D:5      | Killed Menkaure
  6667 | D:5      | Reached skill level 7 in Long Blades
  6667 | D:5      | Reached skill level 5 in Invocations
  7070 | D:5      | Identified the +2 ring mail "Zoxuptus" {rF- rCorr Stlth+}
  7074 | D:5      | Reached skill level 5 in Stealth
  7092 | D:5      | Reached **** piety under Uskayaw
  7109 | D:5      | Found a staircase to the Ecumenical Temple.
  7223 | Temple   | Entered the Ecumenical Temple
  7792 | D:5      | Noticed Edmund
  8366 | D:6      | Reached XP level 9. HP: 35/69 MP: 13/13
  8579 | D:6      | Reached skill level 8 in Long Blades
  8849 | D:6      | HP: 1/69 [jelly (3)]
  8849 | D:6      | Splashed by a jelly's acid

Illustrated notes

Levels and vault maps discovered:
D:1:      dpeg_arrival_tiny_a, layout_loops_ring
D:2:      layout_basic, basic_altar, st_stairs_3, uniq_crazy_yiuf_cottage,
          uniq_natasha, uniq_robin, uniq_sigmund
D:3:      layout_basic, chequers_serial_rivers_micro_d, uniq_ijyb, uniq_terence
D:4:      layout_loops_ring, kennysheep_generic_room_12, uniq_eustachio,
          uniq_blork_the_orc
D:5:      layout_loops_corners, minmay_temple_entry_gardened_gates, uniq_edmund,
          uniq_menkaure
D:6:      layout_loops_ring, uniq_maggie
Temple:   compressed_dpeg_triangle_lava_temple

Skill      XL: |  1  2  3  4  5  6  7  8  9 |
---------------+----------------------------+-----
Long Blades    | 4 5 6 7 8 |  8.2
Fighting       | 4 5 6 |  6.0
Stealth        | 3 4 5 |  5.7
Invocations    | 2 3 4 5 6 |  6.2
Dodging        | 5 6 7 |  7.2

Action                   |  1- 3 |  4- 6 |  7- 9 || total
-------------------------+-------+-------+-------++-------
Melee: Falchion          |    83 |   124 |    49 ||   256
       Punch             |     1 |     1 |     6 ||     8
       Long sword        |       |       |   201 ||   201
Throw: Dart              |       |       |     2 ||     2
Evoke: Wand              |       |     2 |    10 ||    12
  Use: Potion            |     1 |     4 |     2 ||     7
       Scroll            |       |       |     2 ||     2
 Stab: Sleeping          |     8 |     8 |     5 ||    21
       Distracted        |       |       |     3 ||     3
       Paralysed         |       |       |     5 ||     5
       Invisible         |       |       |     1 ||     1
Armor: Robe              |    15 |    22 |    24 ||    61
Dodge: Dodged            |    48 |   103 |   190 ||   341

Table legend: (Time is in decaauts)
 A = Elapsed time spent in this place.
 B = Non-inter-level travel time spent in this place.
 C = Inter-level travel time spent in this place.
 D = Time resting spent in this place.
 E = Time spent auto-exploring this place.
 F = Levels seen in this place.
 G = Mean time per level.
                   A        B        C        D        E       F      G
               +--------+--------+--------+--------+--------+-----+--------+
         Total |   8878 |   8574 |    304 |   1350 |   6003 |   7 | 1268.3 |
       Dungeon |   8522 |   8226 |    296 |   1350 |   5673 |   6 | 1420.3 |
        Temple |    355 |    347 |      8 |      0 |    330 |   1 |  355.0 |
               +--------+--------+--------+--------+--------+-----+--------+

Top non-repeatable levels by time:
     D:2: 2036 daAuts
     D:3: 1905 daAuts
     D:4: 1724 daAuts
     D:5: 1321 daAuts
     D:1: 1012 daAuts
     D:6: 522 daAuts
  Temple: 355 daAuts
